3AA
ASHEVILLE HIGHLANDERS @ YAKIMA HOPS
08/08/2041
 
TOP OF THE 1ST
Asheville Highlanders batting - Pitching for Yakima Hops : RHP Kurt Adams
Pitching: RHP Kurt Adams
Batting: RHB Lane Ruffin 0-0: Called Strike
0-1: Ball
1-1: Ground out 6-3 (Groundball, 6, EV 88.8 MPH)
Batting: RHB Tony Castellanos 0-0: Called Strike
0-1: Swinging Strike
0-2: Ball
1-2: Ball
2-2: Fly out, F8 (Flyball, 89M, EV 91.2 MPH)
Batting: LHB Frank Morris 0-0: Ball
1-0: SINGLE (Groundball, 56D, EV 101.2 MPH)
Batting: RHB Tikaroa Hakapuna 0-0: Swinging Strike
0-1: Called Strike
0-2: Fielders Choice at 2nd, 5-4 (Groundball, 56, EV 101.9 MPH)
Top of the 1st over - 0 runs, 1 hit, 0 errors, 1 left on base; Asheville 0 - Yakima 0
BOTTOM OF THE 1ST
Yakima Hops batting - Pitching for Asheville Highlanders : RHP Vicente Molina
Pitching: RHP Vicente Molina
Batting: RHB Rickey Warner 0-0: Called Strike
0-1: Fly out, F8 (Line Drive, 8LD, EV 91.9 MPH)
Batting: RHB Rodrigo Jiménez 0-0: Called Strike
0-1: SINGLE (Flyball, 78S, EV 91.9 MPH)
Batting: LHB Jorge Peniche 0-0: Ball
1-0: Swinging Strike
1-1: Fielders Choice at 2nd, 6-4 (Groundball, 56, EV 101.2 MPH)
Batting: LHB Richard Beagle 0-0: Ball
1-0: Ball
2-0: Called Strike
2-1: SINGLE (Flyball, 9S, EV 94.4 MPH)
Jorge Peniche to second
Runner from 2nd tries for 3rd, SAFE, no throw by RF
Batting: LHB Alfredo Pliego 0-0: Fly out, F8 (Flyball, 8LXD, EV 99.4 MPH)
Bottom of the 1st over - 0 runs, 2 hits, 0 errors, 2 left on base; Asheville 0 - Yakima 0
TOP OF THE 2ND
Asheville Highlanders batting - Pitching for Yakima Hops : RHP Kurt Adams
Batting: RHB Dusan Kontic 0-0: Ball
1-0: Called Strike
1-1: Ball
2-1: Foul Ball, location: 2F
2-2: Foul Ball, location: 2F
2-2: Fly out, F8 (Line Drive, 8RD, EV 103.1 MPH)
Batting: RHB Ivano Pohvisnev 0-0: Called Strike
0-1: Called Strike
0-2: Ball
1-2: Ball
2-2: Fly out, F3 (Popup, 3SF, EV 79.4 MPH)
Batting: SHB Wendell Palmer 0-0: Called Strike
0-1: Foul Ball, location: 2F
0-2: Ball
1-2: Ball
2-2: Ground out 5-3 (Groundball, 56S, EV 86.2 MPH)
Top of the 2nd over - 0 runs, 0 hits, 0 errors, 0 left on base; Asheville 0 - Yakima 0
BOTTOM OF THE 2ND
Yakima Hops batting - Pitching for Asheville Highlanders : RHP Vicente Molina
Batting: SHB John Joseph 0-0: Ball
1-0: Called Strike
1-1: Ball
2-1: Foul Ball, location: 2F
2-2: Ball
3-2: SINGLE (Groundball, 34D, EV 97.5 MPH)
Batting: RHB Jorge Esparza 0-0: Foul Ball, location: 2F
0-1: Foul Ball, location: 2F
0-2: Ball
1-2: SINGLE (Line Drive, 34, EV 93.8 MPH)
John Joseph to second
Batting: LHB Damon Cross 0-0: Called Strike
0-1: Swinging Strike
0-2: Ball
1-2: Fielders Choice at 2nd, 3-6 (Groundball, 3, EV 101.2 MPH)
John Joseph to third
Batting: RHB Tim Dickson 0-0: Foul Ball, location: 2F
0-1: Ball
1-1: Foul Ball, location: 2F
1-2: Ball
2-2: Foul Ball, location: 2F
2-2: Strikes out looking
Batting: RHB Rickey Warner 0-0: Called Strike
0-1: Swinging Strike
0-2: Ball
1-2: Strikes out swinging
Bottom of the 2nd over - 0 runs, 2 hits, 0 errors, 2 left on base; Asheville 0 - Yakima 0
TOP OF THE 3RD
Asheville Highlanders batting - Pitching for Yakima Hops : RHP Kurt Adams
Batting: RHB Luis Romero 0-0: Called Strike
0-1: SINGLE (Groundball, 34D, EV 108.1 MPH)
Batting: RHB Joe Frank 0-0: Foul Ball, location: 2F
0-1: Ball
1-1: Ground out 6-3 (Groundball, 6S, EV 71.2 MPH)
Luis Romero to second
Batting: RHB Lane Ruffin 0-0: Foul Ball, location: 2F
0-1: Ball
1-1: Ball
2-1: Fly out, F3 (Line Drive, 3, EV 71.9 MPH)
Batting: RHB Tony Castellanos 0-0: Foul Ball, location: 2F
0-1: Foul Ball, location: 2F
0-2: Strikes out swinging, 2-3 out at first.
Top of the 3rd over - 0 runs, 1 hit, 0 errors, 1 left on base; Asheville 0 - Yakima 0
BOTTOM OF THE 3RD
Yakima Hops batting - Pitching for Asheville Highlanders : RHP Vicente Molina
Batting: RHB Rodrigo Jiménez 0-0: Fly out, F9 (Flyball, 89M, EV 93.8 MPH)
Batting: LHB Jorge Peniche 0-0: Ball
1-0: Ground out 4-3 (Groundball, 4MD, EV 79.4 MPH)
Batting: LHB Richard Beagle 0-0: Called Strike
0-1: Ball
1-1: Ball
2-1: Ball
3-1: Foul Ball, location: 2F
3-2: Foul Ball, location: 2F
3-2: Foul Ball, location: 2F
3-2: SINGLE (Line Drive, 7S, EV 111.2 MPH)
Batting: LHB Alfredo Pliego 0-0: Fly out, F8 (Flyball, 8LM, EV 81.9 MPH)
Bottom of the 3rd over - 0 runs, 1 hit, 0 errors, 1 left on base; Asheville 0 - Yakima 0
TOP OF THE 4TH
Asheville Highlanders batting - Pitching for Yakima Hops : RHP Kurt Adams
Batting: LHB Frank Morris 0-0: Called Strike
0-1: Ground out 4-3 (Groundball, 4M, EV 79.4 MPH)
Batting: RHB Tikaroa Hakapuna 0-0: Fly out, F9 (Line Drive, 9, EV 85.0 MPH)
Batting: RHB Dusan Kontic 0-0: Foul Ball, location: 2F
0-1: Ball
1-1: Ground out 6-3 (Groundball, 6, EV 113.1 MPH)
Top of the 4th over - 0 runs, 0 hits, 0 errors, 0 left on base; Asheville 0 - Yakima 0
BOTTOM OF THE 4TH
Yakima Hops batting - Pitching for Asheville Highlanders : RHP Vicente Molina
Batting: SHB John Joseph 0-0: Fly out, F8 (Flyball, 8RS, EV 77.5 MPH)
Batting: RHB Jorge Esparza 0-0: Ball
1-0: Ball
2-0: Ball
3-0: Base on Balls
Batting: LHB Damon Cross 0-0: Foul Ball, location: 2F
0-1: Ball
1-1: Ball
2-1: Grounds into double play, 1-6-3 (Groundball, 34S, EV 68.1 MPH)
Bottom of the 4th over - 0 runs, 0 hits, 0 errors, 0 left on base; Asheville 0 - Yakima 0
TOP OF THE 5TH
Asheville Highlanders batting - Pitching for Yakima Hops : RHP Kurt Adams
Batting: RHB Ivano Pohvisnev 0-0: Ball
1-0: Ball
2-0: Called Strike
2-1: Foul Ball, location: 2F
2-2: Foul Ball, location: 2F
2-2: Ball
3-2: Fly out, F6 (Line Drive, 6, EV 67.5 MPH)
Batting: SHB Wendell Palmer 0-0: TRIPLE (Line Drive, 78XD, EV 105.0 MPH)
Batting: RHB Luis Romero 0-0: Ball
1-0: Fly out, F9 (Flyball, 89M, EV 90.6 MPH)
Batting: RHB Joe Frank 0-0: Ball
1-0: Ground out 4-3 (Groundball, 4, EV 85.0 MPH)
Top of the 5th over - 0 runs, 1 hit, 0 errors, 1 left on base; Asheville 0 - Yakima 0
BOTTOM OF THE 5TH
Yakima Hops batting - Pitching for Asheville Highlanders : RHP Vicente Molina
Batting: RHB Tim Dickson 0-0: Called Strike
0-1: Fly out, F7 (Line Drive, 7, EV 95.0 MPH)
Batting: RHB Rickey Warner 0-0: Fly out, F8 (Flyball, 8LS, EV 95.6 MPH)
Batting: RHB Rodrigo Jiménez 0-0: Ground out U3 (Groundball, 34, EV 96.2 MPH)
Bottom of the 5th over - 0 runs, 0 hits, 0 errors, 0 left on base; Asheville 0 - Yakima 0
TOP OF THE 6TH
Asheville Highlanders batting - Pitching for Yakima Hops : RHP Kurt Adams
Batting: RHB Lane Ruffin 0-0: Called Strike
0-1: Ball
1-1: SINGLE (Line Drive, 8RS, EV 90.6 MPH)
Batting: RHB Tony Castellanos 0-0: Fielders Choice at 2nd, 6-4 (Groundball, 6, EV 107.5 MPH)
Batting: LHB Frank Morris 0-0: Ball
1-0: Swinging Strike
1-1: Ball
2-1: Foul Ball, location: 2F
2-2: Foul Ball, location: 2F
2-2: 2-RUN HOME RUN (Flyball, 7D, EV 94.4 MPH), Distance : 372 ft
Batting: RHB Tikaroa Hakapuna 0-0: Ball
1-0: Ball
2-0: Called Strike
2-1: Swinging Strike
2-2: Foul Ball, location: 2F
2-2: Strikes out looking
Batting: RHB Dusan Kontic 0-0: Foul Ball, location: 2F
0-1: Ball
1-1: Ground out 5-3 (Groundball, 56, EV 75.6 MPH)
Top of the 6th over - 2 runs, 2 hits, 0 errors, 0 left on base; Asheville 2 - Yakima 0
BOTTOM OF THE 6TH
Yakima Hops batting - Pitching for Asheville Highlanders : RHP Vicente Molina
Batting: LHB Jorge Peniche 0-0: Ball
1-0: Ball
2-0: Foul Ball, location: 2F
2-1: DOUBLE (Line Drive, 7LM, EV 103.8 MPH)
Batting: LHB Richard Beagle 0-0: Foul Ball, location: 2F
0-1: Foul Ball, location: 2F
0-2: Ball
1-2: Ball
2-2: Ball
3-2: Foul Ball, location: 2F
3-2: Ground out U3 (Groundball, 3L, EV 90.0 MPH)
Jorge Peniche to third
Batting: LHB Alfredo Pliego 0-0: Called Strike
0-1: Foul Ball, location: 2F
0-2: Ball
1-2: Ball
2-2: Foul Ball, location: 2F
2-2: Ball
3-2: Foul Ball, location: 2F
3-2: Fly out, F6 (Popup, 6D, EV 63.1 MPH)
Batting: SHB John Joseph 0-0: Ball
1-0: Ball
2-0: Ball
3-0: Base on Balls
Batting: RHB Jorge Esparza 0-0: Called Strike
0-1: Ball
1-1: SINGLE (Groundball, 6MD, EV 97.5 MPH)
Jorge Peniche scores
John Joseph to second
Runner from 2nd tries for 3rd, SAFE, throw by CF made to third
Batting: LHB Damon Cross 0-0: Ball
1-0: Ball
2-0: Ball
3-0: Foul Ball, location: 2F
3-1: Fielders Choice at 2nd, 6-4 (Groundball, 56, EV 106.9 MPH)
Bottom of the 6th over - 1 run, 2 hits, 0 errors, 2 left on base; Asheville 2 - Yakima 1
TOP OF THE 7TH
Asheville Highlanders batting - Pitching for Yakima Hops : RHP Kurt Adams
Batting: RHB Ivano Pohvisnev 0-0: Foul Ball, location: 2F
0-1: Called Strike
0-2: Ball
1-2: Ball
2-2: Ball
3-2: Foul Ball, location: 2F
3-2: Fly out, F8 (Flyball, 78D, EV 84.4 MPH)
Batting: SHB Wendell Palmer 0-0: DOUBLE (Line Drive, 78D, EV 110.6 MPH)
Batting: RHB Luis Romero 0-0: Fly out, F8 (Flyball, 8LS, EV 86.9 MPH)
Batting: RHB Joe Frank 0-0: Swinging Strike
0-1: Ball
Balk!
Wendell Palmer to third
1-1: Foul Ball, location: 2F
1-2: Strikes out looking
Top of the 7th over - 0 runs, 1 hit, 0 errors, 1 left on base; Asheville 2 - Yakima 1
BOTTOM OF THE 7TH
Yakima Hops batting - Pitching for Asheville Highlanders : RHP Vicente Molina
Pitching: RHP Mario Sánchez
Batting: RHB Tim Dickson 0-0: Called Strike
0-1: Ball
1-1: Called Strike
1-2: DOUBLE (Flyball, 8RXD, EV 103.1 MPH)
Batting: RHB Rickey Warner 0-0: Called Strike
0-1: Ball
1-1: Ground out 5-3 (Groundball, 56S, EV 78.8 MPH)
Batting: RHB Rodrigo Jiménez 0-0: Fly out, F6 (Popup, 6, EV 77.5 MPH)
Batting: LHB Jorge Peniche 0-0: Ball
1-0: Ball
2-0: Ball
3-0: SINGLE (Line Drive, 9S, EV 106.2 MPH)
Tim Dickson to third
Batting: LHB Richard Beagle 0-0: Foul Ball, location: 2F
0-1: Ball
Wild Pitch!
Tim Dickson scores
Jorge Peniche to second
1-1: Ball
2-1: Ball
3-1: Base on Balls
Batting: LHB Alfredo Pliego 0-0: Foul Ball, location: 2F
0-1: DOUBLE (Line Drive, 89D, EV 103.1 MPH)
Jorge Peniche scores
Richard Beagle to third
Runner from 3rd tries for Home, SAFE, no throw by RF
Pitching: RHP Tobin Basch
Batting: SHB John Joseph 0-0: DOUBLE (Line Drive, 7LS, EV 98.1 MPH)
Alfredo Pliego scores
Batting: RHB Jorge Esparza 0-0: Ball
1-0: Ball
2-0: 2-RUN HOME RUN (Flyball, 7D, EV 105.0 MPH), Distance : 392 ft
Batting: LHB Damon Cross 0-0: Called Strike
0-1: Ball
1-1: Fly out, F8 (Flyball, 8LD, EV 100.6 MPH)
Bottom of the 7th over - 6 runs, 5 hits, 0 errors, 0 left on base; Asheville 2 - Yakima 7
TOP OF THE 8TH
Asheville Highlanders batting - Pitching for Yakima Hops : RHP Kurt Adams
Pitching: RHP Logan Barker
Batting: RHB Lane Ruffin 0-0: Called Strike
0-1: Ball
1-1: Swinging Strike
1-2: Strikes out swinging
Batting: RHB Tony Castellanos 0-0: Foul Ball, location: 2F
0-1: Ball
1-1: Ball
2-1: Fly out, F8 (Flyball, 8LD, EV 77.5 MPH)
Batting: LHB Frank Morris 0-0: Ball
1-0: Ground out 5-3 (Groundball, 56, EV 109.4 MPH)
Top of the 8th over - 0 runs, 0 hits, 0 errors, 0 left on base; Asheville 2 - Yakima 7
BOTTOM OF THE 8TH
Yakima Hops batting - Pitching for Asheville Highlanders : RHP Tobin Basch
Batting: RHB Tim Dickson 0-0: Swinging Strike
0-1: Swinging Strike
0-2: Ball
1-2: Strikes out swinging, 2-3 out at first.
Batting: RHB Rickey Warner 0-0: Foul Ball, location: 2F
0-1: Swinging Strike
0-2: Ball
1-2: Foul Ball, location: 2F
1-2: Ground out 6-3 (Groundball, 6, EV 104.4 MPH)
Batting: RHB Rodrigo Jiménez 0-0: DOUBLE (Line Drive, 78D, EV 110.0 MPH)
Batting: LHB Jorge Peniche 0-0: Ball
1-0: Swinging Strike
1-1: Swinging Strike
1-2: Ball
2-2: Strikes out swinging
Bottom of the 8th over - 0 runs, 1 hit, 0 errors, 1 left on base; Asheville 2 - Yakima 7
TOP OF THE 9TH
Asheville Highlanders batting - Pitching for Yakima Hops : RHP Logan Barker
Batting: RHB Tikaroa Hakapuna 0-0: Ball
1-0: Ground out 5-3 (Groundball, 5, EV 91.9 MPH)
Batting: RHB Dusan Kontic 0-0: Fly out, F8 (Flyball, 8LXD, EV 109.4 MPH)
Batting: RHB Ivano Pohvisnev 0-0: Called Strike
0-1: Ball
1-1: Swinging Strike
1-2: Foul Ball, location: 2F
1-2: Ball
2-2: Ground out 4-3 (Groundball, 34, EV 80.0 MPH)
Top of the 9th over - 0 runs, 0 hits, 0 errors, 0 left on base; Asheville 2 - Yakima 7
Tuesday, January 5th, 2021 - OOTP Baseball 20.8 Build 74